 Dungeon Crawl Stone Soup version 0.27-a0-562-g0d39f094a4 (webtiles) character file.

Game seed: 374331715764529718

0 porpoise the Sneak (level 1, -3/19 HPs)
             Began as a Minotaur Delver on Mar 9, 2021.
             Slain by a phantom (6 damage)
             ... on level 5 of the Dungeon.
             The game lasted 00:00:30 (59 turns).

porpoise the Sneak (Minotaur Delver)                  Turns: 59, Time: 00:00:31

Health: -3/19      AC:  3    Str: 16    XL:     1   Next: 0%
Magic:  0/0        EV: 11    Int:  7    God:
Gold:   13         SH:  0    Dex: 11    Spells: 0/0 levels left

rFire    . . .     SeeInvis .   a - +0 mace
rCold    . . .     Faith    .   (no shield)
rNeg     . . .     Spirit   .   b - +0 leather armour
rPois    .         Reflect  .   (helmet restricted)
rElec    .         Harm     .   (no cloak)
rCorr    .         Rampage  .   (no gloves)
Will     .....                  (no boots)
Stlth    ++........             (no amulet)
HPRegen  0.06/turn              (no ring)
MPRegen  0.07/turn              (no ring)

@: no status effects
A: horns 2, retaliatory headbutt
a: no special abilities


You were on level 5 of the Dungeon.
You visited 1 branch of the dungeon, and saw 1 of its levels.

You collected 13 gold pieces.

Inventory:

Hand Weapons
 a - a +0 mace (weapon)
Armour
 b - a +0 leather armour (worn)
Wands
 g - a wand of digging (3)
Scrolls
 c - a scroll of fog
 d - a scroll of magic mapping
 e - a scroll of fear
Potions
 f - a potion of haste


   Skills:
 + Level 3.6 Fighting
 + Level 2.4 Maces & Flails
 - Level 2.1 Dodging
 - Level 4.1 Stealth


You couldn't memorise any spells.
You didn't know any spells.
Your spell library was empty.

Dungeon Overview and Level Annotations

Branches:
Dungeon (5/15)
 Temple: D:4-7

Altars:


Innate Abilities, Weirdness & Mutations

You have a pair of horns on your head.
You reflexively headbutt those who attack you in melee.


Message History

Something completely misses the plant.
Something hits the plant!
Something hits the plant.
Found 13 gold pieces.
You see here 18 arrows.
You now have 13 gold pieces.
Found 3 scrolls of magic mapping.
You hit the phantom.
The phantom is lightly damaged.
The phantom hits you.
You hit the phantom but do no damage.
The phantom is lightly damaged.
The phantom closely misses you.
You barely miss the phantom.
The phantom is lightly damaged.
The phantom hits you. x2
You hit the phantom. Your headbutt misses the phantom.
The phantom is lightly damaged.
The phantom hits you but does no damage.
You completely miss the phantom.
The phantom is lightly damaged.
The phantom barely misses you.
You closely miss the phantom.
The phantom is lightly damaged.
The phantom hits you but does no damage.
You hit the phantom but do no damage.
The phantom is lightly damaged.
The phantom hits you. The phantom barely misses you.
You miss the phantom.
The phantom is lightly damaged.
The phantom barely misses you.
You barely miss the phantom.
The phantom is lightly damaged.
The phantom hits you!
* * * LOW HITPOINT WARNING * * *
The phantom blinks!
You blink.
You hit the phantom. Your headbutt misses the phantom.
The phantom is lightly damaged.
The phantom barely misses you. The phantom hits you.
You die...

#.# #.# #.# #.# ≈
#.# #.# ≈≈
###.#####.# P≈.
#(......... ≈≈.≈
#.######..#
P≈.≈≈♣#### #.#
#.##
≈P.≈≈..?.######.#
##.#
≈≈.≈...W@...§...#
#.
....#.....#######
## ......###....
######### #.###.
#.#### .......>.
# ..# ##...####
### #.


You could see a phantom.

Vanquished Creatures (others)
  A plant (D:5)
1 creature vanquished.

Notes
Turn   | Place    | Note
-------+----------+-------------------------------------------
     0 | D:5      | porpoise the Minotaur Delver began the quest for the Orb.
     0 | D:5      | Reached XP level 1. HP: 19/19 MP: 0/0
    27 | D:5      | Noticed a phantom
    59 | D:5      | Slain by a phantom

Illustrated notes

Levels and vault maps discovered:
D:5:      layout_loops_ring, serial_bayou, serial_bayou_pond_a,
          serial_bayou_lagoon_b, serial_bayou_pond_a, serial_bayou_lagoon_a,
          serial_park_tiny_pond, fedhas_altar_2

Action                   || total
-------------------------++-------
Melee: Mace              ||    10
Armor: Leather armour    ||     2
Dodge: Dodged            ||     5

Table legend: (Time is in decaauts)
 A = Elapsed time spent in this place.
 B = Non-inter-level travel time spent in this place.
 C = Inter-level travel time spent in this place.
 D = Time resting spent in this place.
 E = Time spent auto-exploring this place.
 F = Levels seen in this place.
 G = Mean time per level.
                   A        B        C        D        E       F      G
               +--------+--------+--------+--------+--------+-----+--------+
         Total |     61 |     61 |      0 |      0 |      0 |   1 |   61.0 |
       Dungeon |     61 |     61 |      0 |      0 |      0 |   1 |   61.0 |
               +--------+--------+--------+--------+--------+-----+--------+

Top non-repeatable levels by time:
     D:5: 61 daAuts
